 Dungeon Crawl Stone Soup version 0.22-a0-305-gd21a89c (webtiles) character file.

1768 Borgoz the Chopper (level 9, -4/79 HPs)
             Began as a Hill Orc Abyssal Knight on Mar 31, 2018.
             Was a Priest of Lugonu.
             Slain by a water moccasin (5 damage)
             ... on level 6 of the Dungeon.
             The game lasted 00:19:07 (8506 turns).

Borgoz the Chopper (Hill Orc Abyssal Knight)        Turns: 8506, Time: 00:19:08

Health: -4/79      AC: 11    Str: 20    XL:     9   Next: 7%
Magic:  14/14      EV:  9    Int: 19    God:    Lugonu [***...]
Gold:   261        SH:  0    Dex: 13    Spells: 8/8 levels left

rFire    + . .     SeeInvis .   a - +0 war axe
rCold    . . .     Gourm    .   (no shield)
rNeg     . . .     Faith    .   f - +1 chain mail of Autotheism {rF+ Str+5 Int+7} (curse)
rPois    .         Spirit   .   (no helmet)
rElec    .         Reflect  .   (no cloak)
rCorr    .         Harm     .   (no gloves)
MR       .....                  (no boots)
Stlth    ..........             (no amulet)
HPRegen  0.23/turn              (no ring)
MPRegen  0.14/turn              (no ring)

@: no status effects
A: no striking features
a: Depart the Abyss, Bend Space, Banish, Renounce Religion


You were on level 6 of the Dungeon.
You worshipped Lugonu.
Lugonu was most pleased with you.
You were hungry.

You visited 1 branch of the dungeon, and saw 6 of its levels.
You visited the Abyss 1 time.

You collected 261 gold pieces.

Inventory:

Hand Weapons
 a - a +0 war axe (weapon)
 b - the +8 mace of the Modern Coins {flame, rC+ Int+2}
   (You took it off a crimson imp on level 6 of the Dungeon)

   It has been specially enchanted to burn those struck by it, causing extra
   injury to most foes and up to half again as much damage against particularly
   susceptible opponents.
   It affects your intelligence (+2).
   It protects you from cold.
Armour
 f - the cursed +1 chain mail of Autotheism (worn) {rF+ Str+5 Int+7}
   (You found it on level 4 of the Dungeon)

   It affects your strength (+5).
   It affects your intelligence (+7).
   It protects you from fire.
   It has a curse placed upon it.
 s - a cursed +0 leather armour
Wands
 m - a wand of iceblast (10)
 q - a wand of enslavement (16)
Scrolls
 d - 2 scrolls of noise {unknown}
 e - 5 scrolls of remove curse {unknown}
 g - 4 scrolls of teleportation {unknown}
 h - a scroll of magic mapping {unknown}
 i - a scroll of blinking {unknown}
 j - a scroll of fog {unknown}
 l - 3 scrolls of identify {unknown}
 n - a scroll of amnesia {unknown}
 p - a scroll of enchant weapon {unknown}
 w - a scroll of random uselessness {unknown}
Potions
 k - a potion of degeneration
 o - a potion of curing
 t - a potion of invisibility {unknown}
 v - a potion of lignification {unknown}
Comestibles
 c - 16 rations


   Skills:
 + Level 7.0 Fighting
 + Level 7.2 Axes
 + Level 5.9 Armour
 + Level 4.2 Dodging
 + Level 6.9 Invocations


You had 8 spell levels left.
You didn't know any spells.

Dungeon Overview and Level Annotations

Branches:
Dungeon (6/15)
 Temple: D:4-7

Altars:
Ashenzari
Kikubaaqudgha
Trog
Wu Jian
Xom
The Shining One

Annotations:
D:3 xccam's ghost, amateur FoFi


Message History

You hit the ogre.
The ogre is heavily wounded.
You barely miss the water moccasin. The ogre hits you with a giant club!!
* * * LOW HITPOINT WARNING * * *
The water moccasin bites you.
* * * LOW HITPOINT WARNING * * *
Unknown command.
You feel better. The water moccasin closely misses you.
The ogre hits you but does no damage. The water moccasin closely misses you.
You closely miss the water moccasin.
The water moccasin is almost dead.
You hit the ogre. The water moccasin bites you.
* * * LOW HITPOINT WARNING * * *
The ogre hits you with a giant club!!
* * * LOW HITPOINT WARNING * * *
Unknown command.
You miss the water moccasin.
The water moccasin is almost dead.
You barely miss the ogre. The water moccasin bites you.
You die...

...# #.......# #..#
#.......# #..#
#......##
#..#.##.####.# # #
#..#.........#
#.##.##<.####.###..#
#...............#..#
#....#!......#.#..#
#...@#######.####
##.OS# # .......
#..#....# ... %.....
+# ....#... ..#.#
.## ..... .#


You could see a water moccasin and an ogre.

Vanquished Creatures
  The ghost of Borgoz the Skirmisher, a novice HOAK of Lugonu (D:5)
  2 ogres
  2 phantoms
  3 vampire bats (D:4)
  2 crimson imps
  2 hounds
  2 quasits
  7 orc priests
  2 iguanas
  A worker ant (D:5)
  5 orc wizards
  A worker ant zombie (D:5)
  5 adders
  3 gnolls (D:4)
  A shadow imp (D:5)
  2 oozes
  3 adder skeletons
  2 worms
  2 dart slugs
  4 leopard geckos
  26 orcs
  8 bats
  A bat skeleton (D:4)
  6 bat zombies (D:4)
  4 giant cockroaches
  8 goblins
  10 hobgoblins
  6 jackals
  15 kobolds
  2 quokkas
  2 ball pythons (D:3)
  4 frilled lizards
  A quokka skeleton (D:4)
  4 rats
149 creatures vanquished.

Notes
Turn   | Place    | Note
-------+----------+-------------------------------------------
     0 | Abyss:1  | Borgoz the Hill Orc Abyssal Knight began the quest for the Orb.
     0 | Abyss:1  | Reached XP level 1. HP: 19/19 MP: 2/2
    74 | Abyss:1  | Noticed a small abomination
    76 | D:1      | Escaped the Abyss
   192 | D:1      | Reached * piety under Lugonu
   218 | D:1      | Reached skill level 1 in Dodging
   218 | D:1      | Reached XP level 2. HP: 7/27 MP: 3/3
   851 | D:1      | Found a glowing golden altar of the Shining One.
  1041 | D:2      | Found a bloodstained altar of Trog.
  1050 | D:2      | Reached XP level 3. HP: 21/33 MP: 5/5
  2196 | D:3      | Noticed xccam's ghost (amateur FoFi)
  2277 | D:3      | Reached XP level 4. HP: 28/40 MP: 6/6
  2446 | D:4      | Noticed an ogre
  3426 | D:3      | Reached XP level 5. HP: 7/47 MP: 7/7
  3793 | D:4      | Found an ancient bone altar of Kikubaaqudgha.
  3809 | D:4      | Reached XP level 6. HP: 36/53 MP: 7/9
  3960 | D:4      | Noticed a phantom
  4043 | D:4      | Killed a phantom
  4043 | D:4      | Reached skill level 5 in Fighting
  4588 | D:5      | Entered Level 5 of the Dungeon
  4593 | D:5      | Noticed Borgoz's ghost (novice HOAK)
  4708 | D:4      | HP: 1/56 [orc wizard/dagger (3)]
  4717 | D:4      | HP: 2/56 [orc wizard/dagger (1)]
  5067 | D:4      | Got a fine chain mail
  5078 | D:4      | Identified the cursed +1 chain mail of Autotheism {rF+ Str+5 Int+7} (You found it on level 4 of the Dungeon)
  5252 | D:4      | Reached XP level 7. HP: 50/61 MP: 10/10
  5278 | D:4      | Reached ** piety under Lugonu
  5278 | D:4      | Reached skill level 5 in Axes
  5506 | D:3      | Reached skill level 5 in Invocations
  6033 | D:4      | Found a shimmering altar of Xom.
  6723 | D:4      | Reached XP level 8. HP: 52/70 MP: 12/12
  6814 | D:5      | Found a shattered altar of Ashenzari.
  7337 | D:5      | Reached skill level 5 in Armour
  7666 | D:5      | Reached *** piety under Lugonu
  7876 | D:5      | Killed Borgoz's ghost
  8193 | D:6      | Found an ornate altar of the Wu Jian Council.
  8237 | D:6      | Reached XP level 9. HP: 53/79 MP: 14/14
  8469 | D:6      | Got a transparent mace {flame}
  8470 | D:6      | Identified the +8 mace of the Modern Coins {flame, rC+ Int+2} (You took it off a crimson imp on level 6 of the Dungeon)
  8505 | D:6      | HP: 1/79 [ogre/giant club (20)]
  8506 | D:6      | Slain by a water moccasin

Vault maps used:
D:1:      elethiomel_arrival_fortress_basement, tso_metal_star
D:2:      bloody_trog
D:3:      first_ration, minmay_liquid_box
D:4:      corexii_shack_village, lemuel_coloured_pillars_altar,
          kennysheep_vampire_church
D:5:      ashenzari_altar_1, minmay_misc_feat_four_crosses,
          kennysheep_generic_room_11
D:6:      nicolae_overflow_crystal_walls, nicolae_overflow_hidden_temple,
          basic_altar

Skill      XL: |  1  2  3  4  5  6  7  8 |
---------------+-------------------------+-----
Dodging        | 1 2 3 4 |  4.2
Axes           | 3 4 5 7 |  7.2
Fighting       | 4 5 7 |  7.0
Invocations    | 3 4 5 6 |  6.9
Armour         | 3 4 5 |  5.9

Action                   |  1- 3 |  4- 6 |  7- 9 || total
-------------------------+-------+-------+-------++-------
Melee: Hand axe          |    66 |       |       ||    66
       War axe           |    44 |   155 |   365 ||   564
Invok: Depart the Abyss  |     1 |       |       ||     1
  Use: Potion            |       |     5 |     1 ||     6
  Eat: Chunk             |     3 |     7 |    11 ||    21
       Ration            |       |     1 |       ||     1
Armor: Leather armour    |    30 |    64 |       ||    94
       Chain mail        |       |     2 |   265 ||   267
Dodge: Dodged            |    82 |   145 |   171 ||   398

Table legend:
 A = Spawn XP
 B = Non-spawn XP
 C = Spawn XP percentage of total XP
 D = Spawn monster count
 E = Non-spawn monster count
 F = Spawn count percentage of total count
 G = Total turns spent on level
                    A         B        C        D         E        F      G
               +---------+---------+-------+---------+---------+-------+---------
         Total |       0 |    2526 |   0.0 |       0 |     149 |   0.0 |  8506
               +---------+---------+-------+---------+---------+-------+---------
           D:1 |       0 |      34 |   0.0 |       0 |      15 |   0.0 |  1123
           D:2 |       0 |      39 |   0.0 |       0 |      22 |   0.0 |  1524
           D:3 |       0 |     139 |   0.0 |       0 |      17 |   0.0 |  1428
           D:4 |       0 |     987 |   0.0 |       0 |      61 |   0.0 |  2650
           D:5 |       0 |    1134 |   0.0 |       0 |      26 |   0.0 |  1391
           D:6 |       0 |     193 |   0.0 |       0 |       8 |   0.0 |   314
               +---------+---------+-------+---------+---------+-------+---------
